AoeStats
← Fredericksson

Hideout

507797174Analyzed
1v1 RM · 12d ago on Sep 19, 2026· 48m 55s· 2 players
Game mode
Random Map
Map size
Tiny (2 player)
Population
200
Speed
Normal
Resources
Standard
Victory
Conquest
Starting age
Dark Age
Ending age
Imperial Age
RankedLock teamsTeams togetherTeam positionsShared explorationLock speedFull tech treeHidden civsTurbo modeCheats
Victory
Defeat
🇳🇴 Mongols · Norway
731
+17
🇬🇧 Vietnamese · United Kingdom
746
-17
HatedNorwegian
11:00 Feudal Age
17:55 Castle Age
16:56 Horse Collar
17:03 Double-Bit Axe
17:54 Stone Mining
20:05 Loom
20:55 Wheelbarrow
25:48 Gold Mining
26:34 Stone Shaft Mining
26:16 Bow Saw
28:06 Hand Cart
34:07 Imperial Age
31:23 Town Watch
32:30 Nomads
32:55 Town Patrol
35:19 Ballistics
35:13 Fortified Wall
35:15 Masonry
37:24 Gold Shaft Mining
36:55 Elite Mangudai
38:11 Hoardings
37:57 Drill
37:58 Conscription
37:08 Sappers
37:02 Capped Ram
37:40 Fletching
37:51 Padded Archer Armor
37:59 Scale Barding Armor
37:55 Scale Mail Armor
38:07 Forging
38:34 Parthian Tactics
40:19 Heavy Plow
41:23 Siege Ram
43:29 Chemistry
42:35 Siege Engineers
42:25 Murder Holes
42:21 Guard Tower
42:52 Leather Archer Armor
42:33 Bodkin Arrow
42:46 Husbandry
42:57 Bloodlines
42:57 Thumb Ring
45:49 Elite Skirmisher
Fredericksson
5:33 Loom
11:10 Feudal Age
21:03 Castle Age
20:25 Horse Collar
25:18 Double-Bit Axe
25:16 Crossbowman
26:29 Fletching
28:16 Padded Archer Armor
34:53 Imperial Age
36:58 Bow Saw
39:22 Chemistry
38:56 Ballistics
38:40 Bodkin Arrow
41:10 Heavy Plow
41:20 Bracer
41:36 Leather Archer Armor
41:35 Forging
41:37 Scale Barding Armor
43:33 Wheelbarrow
42:51 Town Watch
43:34 Treadmill Crane
45:23 Elite Rattan Archer
Connection lost

Rejoining the realm…

Still unreachable

The connection could not be restored.

Session expired

The server has moved on; the page needs a fresh start.